 Dungeon Crawl Stone Soup version 0.28.0-53-g5a82cb258f (webtiles) character file.

Game seed: 6138852804591259555

2027 sanboga the Chopper (level 9, -8/56 HPs)
             Began as a Gargoyle Fighter on July 4, 2022.
             Was an Initiate of Trog.
             Killed from afar by Maggie (14 damage)
             ... with a bolt of fire
             ... on level 6 of the Dungeon.
             The game lasted 00:09:23 (4745 turns).

sanboga the Chopper (Gargoyle Fighter)              Turns: 4745, Time: 00:09:23

Health: -8/56      AC: 25    Str: 24    XL:     9   Next: 23%
Magic:  9/9        EV:  6    Int:  9    God:    Trog [......]
Gold:   308        SH:  5    Dex:  9    Spells: 8/8 levels left

rFire   . . .      SeeInvis +   a - +1 war axe (vamp)
rCold   . . .      Faith    .   c - +0 buckler
rNeg    + . .      Spirit   .   k - +0 plate armour
rPois   ∞          Reflect  .   d - +0 helmet
rElec   +          Harm     .   n - +0 cloak
rCorr   .          Rampage  .   l - +1 pair of gloves
Will    .....                   p - +0 pair of boots
Stlth   ..........              (no amulet)
HPRegen 0.18/turn               r - ring of see invisible
MPRegen 0.11/turn               (no ring)

@: mesmerised
A: sickness immunity, AC +6, negative energy resistance 1, electricity
resistance, torment resistance 1, petrification resistance
a: Renounce Religion


You were on level 6 of the Dungeon.
You worshipped Trog.
Trog was noncommittal.
You visited 2 branches of the dungeon, and saw 7 of its levels.
You also visited: Ossuary.

You collected 308 gold pieces.

Inventory:

Hand Weapons
 a - a +1 vampiric war axe (weapon)
 b - a +1 war axe of flaming
Armour
 c - a +0 buckler (worn)
 d - a +0 helmet (worn)
 k - a +0 plate armour (worn)
 l - a +1 pair of gloves (worn)
 n - a +0 cloak (worn)
 p - a +0 pair of boots (worn)
Jewellery
 r - a ring of see invisible (left hand)
Scrolls
 j - 2 scrolls of teleportation
 m - 2 scrolls of enchant weapon
 o - a scroll of fear
Potions
 e - a potion of might
 g - 4 potions of heal wounds {unknown}
 h - 2 potions of brilliance {unknown}
 q - a potion of invisibility {unknown}


   Skills:
 + Level 6.6 Fighting
 * Level 7.1 Axes
 + Level 6.6 Armour
 + Level 6.5 Shields


You had 8 spell levels left.
You didn't know any spells.
Your spell library contained the following spells:

 Spells                   Type           Power      Damage    Failure   Level
 Summon Small Mammal      Summ           0%         N/A       100%        1
 Call Canine Familiar     Summ           0%         N/A       100%        3
 Summon Guardian Golem    Hex/Summ       0%         N/A       100%        3
 Animate Armour           Summ/Erth      0%         N/A       100%        4
 Blade Hands              Tmut           0%         N/A       100%        5
 Iron Shot                Conj/Erth      0%         9d1       100%        6


Dungeon Overview and Level Annotations

Branches:
Dungeon (6/15)             Temple (1/1) D:5         Ossuary (visited)

Altars:
Dithmenos
Kikubaaqudgha
Nemelex Xobeh
Trog
Vehumet

Annotations:
D:6 Maggie


Innate Abilities, Weirdness & Mutations

You are immune to sickness and miasma.
Your stone body is resilient. (AC +6)
You are immune to poison.
You resist negative energy. (rN+)
You are resistant to electric shocks. (rElec)
You are resistant to unholy torment.
You are immune to petrification.


Message History

Maggie casts a spell.
Maggie draws you further into her thrall.
You closely miss Maggie.
Maggie is moderately wounded.
You hit the bullfrog zombie.
The bullfrog zombie hits you but does no damage.
Maggie says, "Leave now, and tell all of Margery's mercy!"
Maggie barely misses you.
The bullfrog zombie hits you but does no damage.
You closely miss Maggie.
Maggie is moderately wounded.
You hit the bullfrog zombie.
Maggie mumbles some strange words.
Maggie draws you further into her thrall.
The bullfrog zombie barely misses you.
Maggie points at you and mumbles some strange words.
The bolt of fire hits you! The bullfrog zombie barely misses you.
You hit Maggie but do no damage.
Maggie is moderately wounded.
You slash the bullfrog zombie! The bullfrog zombie barely misses you.
Maggie points at you and mumbles some strange words.
The bolt of fire hits you!!
You slash Maggie!
Maggie is heavily wounded.
You slash the bullfrog zombie!
You destroy the bullfrog zombie!
Trog accepts your kill. Maggie gestures at you while chanting.
The bolt of fire hits you!!
* * * LOW HITPOINT WARNING * * *
You closely miss Maggie.
Maggie is heavily wounded.
Maggie casts a spell.
Maggie draws you further into her thrall.
You slash Maggie!
You feel better.
Maggie is severely wounded.
Maggie hits you but does no damage. Maggie casts a spell at you.
The bolt of fire hits you!
You die...

#.......|.#
.........#
.........#
.......<# ########
....... .......#
#..>. #.##.#.# #@.#
...#.#.# #@.#
#..#.#.# ###..#
.......# ..#..#
.......##### #.#..#
.))....#...# #.#..#
.)...#.#.#.###.#..#
######.......#.#..#
# ###.#.....#..# #
#.###.#)#..#


You could see Maggie (mesmerising).

Vanquished Creatures
  Pikel (D:5)
  Grinder (D:5)
  A sky beast (D:5)
  A black bear (D:5)
  An ice beast (D:5)
  2 ogres
  2 lemures (D:5)
  A phantom (D:5)
  2 elf zombies (Ossuary)
  A howler monkey (D:5)
  3 bullfrog zombies
  3 centaur zombies (Ossuary)
  3 hounds
  A jelly (D:4)
  An orc priest (D:4)
  Jessica (D:2)
  An iguana (D:5)
  Natasha (D:2)
  3 orc wizards
  A killer bee zombie (D:6)
  2 mummies (Ossuary)
  Robin (D:2)
  An adder (D:3)
  An ufetubus (D:3)
  2 adder zombies (Ossuary)
  3 worms
  4 dart slugs
  19 orcs
  8 ball pythons
  3 bats (D:1)
  6 endoplasms
  4 giant cockroaches
  14 goblins
  9 hobgoblins
  A quokka (D:1)
  2 frilled lizards
  8 hobgoblin zombies (Ossuary)
  2 jackal zombies (Ossuary)
  8 kobolds
  12 kobold zombies (Ossuary)
  6 orc zombies (Ossuary)
  3 rats (D:1)
  A rat zombie (Ossuary)
151 creatures vanquished.

Notes
Turn   | Place    | Note
-------+----------+-------------------------------------------
     0 | D:1      | sanboga the Gargoyle Fighter began the quest for the Orb.
     0 | D:1      | Reached XP level 1. HP: 14/14 MP: 1/1
   122 | D:1      | Reached skill level 2 in Axes
   123 | D:1      | Reached XP level 2. HP: 19/19 MP: 2/2
   343 | D:1      | Found a faded altar of an unknown god.
   409 | D:1      | Reached XP level 3. HP: 23/23 MP: 3/3
   748 | D:2      | Noticed Jessica
   753 | D:2      | Killed Jessica
   770 | D:2      | Reached XP level 4. HP: 28/29 MP: 4/4
   910 | D:2      | Noticed Natasha
   927 | D:2      | Killed Natasha
   928 | D:2      | Reached skill level 3 in Axes
  1057 | D:2      | Noticed Robin
  1082 | D:2      | Killed Robin
  1285 | D:2      | Reached XP level 5. HP: 33/33 MP: 5/5
  1357 | D:2      | You fall into a shaft and drop 1 floor!
  1465 | D:3      | Found an ancient bone altar of Kikubaaqudgha.
  2212 | D:4      | Noticed an ogre
  2226 | D:4      | Killed an ogre
  2227 | D:4      | Reached skill level 4 in Axes
  2227 | D:4      | Reached XP level 6. HP: 32/39 MP: 6/6
  2242 | D:4      | Found a sand-covered staircase.
  2247 | Ossuary  | Entered an ossuary
  2482 | Ossuary  | Reached XP level 7. HP: 4/44 MP: 7/7
  2740 | Ossuary  | Reached skill level 5 in Armour
  2765 | Ossuary  | Reached skill level 5 in Fighting
  3379 | D:5      | Entered Level 5 of the Dungeon
  3406 | D:5      | Reached skill level 5 in Axes
  3406 | D:5      | Reached skill level 5 in Shields
  3408 | D:5      | Noticed Grinder
  3412 | D:5      | Paralysed by Grinder for 2 turns
  3428 | D:5      | Paralysed by Grinder for 5 turns
  3438 | D:5      | Paralysed by Grinder for 4 turns
  3444 | D:5      | Killed Grinder
  3445 | D:5      | Reached XP level 8. HP: 31/50 MP: 8/8
  3561 | D:5      | Noticed Pikel
  3588 | D:5      | Killed Pikel
  3589 | D:5      | Reached skill level 6 in Axes
  3714 | D:5      | Reached XP level 9. HP: 56/56 MP: 9/9
  3798 | D:5      | Found a radiant altar of Vehumet.
  3845 | D:5      | Reached skill level 7 in Axes
  3918 | D:5      | Found a staircase to the Ecumenical Temple.
  3938 | Temple   | Entered the Ecumenical Temple
  3941 | Temple   | Became a worshipper of Trog the Wrathful
  4402 | D:5      | Found a sparkling altar of Nemelex Xobeh.
  4730 | D:6      | Noticed Maggie
  4743 | D:6      | HP: 1/56 [Maggie/bolt of fire (24)]
  4745 | D:6      | Killed from afar by Maggie

Illustrated notes

Levels and vault maps discovered:
D:1:      dpeg_arrival_castle, layout_rooms, nicolae_ecumenical_snake_handling
D:2:      layout_loops_corners, uniq_jessica, uniq_robin, uniq_natasha
D:3:      layout_basic, lemuel_doored_altar, corexii_hall_statues_s
D:4:      layout_loops_cross, enter_ossuary_2
D:5:      layout_cave_pools, nemelex_dance_club_becter, vehumet_crystals,
          minmay_temple_entry_sparse_star, lemuel_flame_loot_1, uniq_pikel,
          uniq_grinder
D:6:      layout_basic, uniq_maggie
Temple:   nicolae_temple_hex_pool

Skill      XL: |  1  2  3  4  5  6  7  8  9 |
---------------+----------------------------+-----
Axes           | 2 3 4 5 6 7 |  7.1
Fighting       | 4 5 6 |  6.6
Shields        | 4 5 6 |  6.5
Armour         | 4 5 6 |  6.6

Action                   |  1- 3 |  4- 6 |  7- 9 || total
-------------------------+-------+-------+-------++-------
Melee: War axe           |    80 |   163 |   228 ||   471
  Use: Potion            |       |     2 |       ||     2
       Scroll            |       |     6 |     4 ||    10
Armor: Scale mail        |    13 |       |       ||    13
       Plate armour      |    51 |   223 |   175 ||   449
Dodge: Dodged            |    28 |    48 |    72 ||   148
Block: Buckler           |    18 |    48 |    42 ||   108
